 Dungeon Crawl Stone Soup version 0.29.1-2-gbd0b4ee654 (webtiles) character file.

Game seed: 16709911765612728679

106714 Mitcholas the Severer (level 15, -2/141 HPs)
             Began as a Minotaur Berserker on Nov 7, 2022.
             Was a High Priest of Trog.
             Slain by a radroach (12 damage)
             ... on level 2 of the Spider Nest on Nov 8, 2022.
             The game lasted 01:27:46 (29018 turns).

Mitcholas the Severer (Minotaur Berserker)         Turns: 29018, Time: 01:27:47

Health: -2/141     AC: 29    Str: 34    XL:     15   Next: 98%
Magic:  14/14      EV: 10    Int:  4    God:    Trog [*****.]
Gold:   2932       SH:  0    Dex: 11    Spells: 14/14 levels left

rFire   . . .      SeeInvis .   l - +2 executioner's axe (flame)
rCold   . . .      Faith    .   (shield currently unavailable)
rNeg    . . .      Spirit   .   y - +0 plate armour
rPois   +          Reflect  .   P - +2 hat {Stlth+}
rElec   .          Harm     .   z - +2 cloak
rCorr   .          Rampage  .   I - +0 pair of gloves
Will    +....                   s - +2 pair of boots
Stlth   ..........              (no amulet)
HPRegen 0.33/turn               q - +6 ring of strength
MPRegen 0.14/turn               D - ring of poison resistance

@: on berserk cooldown, very slightly contaminated, slowed, very slow
A: horns 2, retaliatory headbutt
a: Renounce Religion, Berserk, Trog's Hand, Brothers in Arms


You were on level 2 of the Spider Nest.
You worshipped Trog.
Trog was extremely pleased with you.
You visited 5 branches of the dungeon, and saw 22 of its levels.
You also visited: Ossuary.

You collected 2932 gold pieces.

Inventory:

Hand Weapons
 l - a +2 executioner's axe of flaming (weapon)
 o - a +2 hand axe of electrocution
 Q - a +0 demon whip of protection
Missiles
 h - a silver javelin
 j - 48 poisoned darts (quivered)
 p - 3 throwing nets
 S - 5 curare-tipped darts
 W - 3 atropa-tipped darts
Armour
 s - a +2 pair of boots (worn)
 y - a +0 plate armour (worn)
 z - a +2 cloak (worn)
 I - a +0 pair of gloves (worn)
 P - a +2 hat of stealth (worn)
Jewellery
 e - the ring "Zokhenat" {Will+ SInv}
   (You acquired it in an ossuary)

   [ring of willpower]

   SInv:      It lets you see invisible.
   Will:      It increases your willpower.
 q - a +6 ring of strength (left hand)
 D - a ring of poison resistance (right hand)
 H - a +4 ring of evasion
 L - a ring of ice
 T - a +6 ring of strength
 V - a ring of willpower
Wands
 d - a wand of quicksilver (2)
 r - a wand of polymorph (11)
 t - a wand of roots (5)
 w - a wand of digging (11)
 A - a wand of paralysis (18)
 G - a wand of flame (22)
 M - a wand of mindburst (37)
Scrolls
 c - 3 scrolls of enchant weapon
 f - 3 scrolls of enchant armour
 m - 3 scrolls of fear
 n - 3 scrolls of butterflies
 x - 12 scrolls of teleportation
 K - 2 scrolls of blinking
 N - a scroll of summoning
 O - 9 scrolls of identify
 R - a scroll of silence
 U - a scroll of poison
Potions
 a - 3 potions of ambrosia
 b - 5 potions of mutation
 g - 8 potions of flight
 i - 9 potions of curing
 k - a potion of berserk rage
 u - a potion of cancellation
 v - 5 potions of might
 B - 7 potions of lignification
 C - 4 potions of heal wounds
 E - 4 potions of haste
 F - 2 potions of invisibility
 J - 2 potions of magic


   Skills:
 + Level 15.4 Fighting
 + Level 19.9 Axes
 + Level 17.4 Armour
 - Level 4.0 Dodging
 - Level 13.0 Evocations


You had 14 spell levels left.
You didn't know any spells.
Your spell library was empty.

Dungeon Overview and Level Annotations

Branches:
Dungeon (11/15)            Temple (1/1) D:6            Lair (5/5) D:10
 Shoals (0/4) Lair:2       Spider (3/4) Lair:2        Slime (0/5) Lair:4
    Orc (2/2) D:9             Elf (0/3) Orc:2       Ossuary (visited)

Altars:
Ashenzari
Cheibriados
Dithmenos
Elyvilon
Fedhas
Gozag
Hepliaklqana
Kikubaaqudgha
Makhleb
Nemelex Xobeh
Okawaru
Qazlal
Ru
Sif Muna
Trog
Uskayaw
Vehumet
Wu Jian
Xom
Yredelemnul
Zin
The Shining One
Jiyva

Shops:
D:8 =   D:9 :   D:10 [   Orc:2 (==*[

Annotations:
Spider:2 exclusion: 2 downstairs


Innate Abilities, Weirdness & Mutations

You have a pair of horns on your head.
You reflexively headbutt those who attack you in melee.


Message History

You feel very sick.
You slice the emperor scorpion!! You burn the emperor scorpion.
You kill the emperor scorpion!
Trog accepts your kill.
You feel very sick.
Unknown command.
You feel sick.
You feel a strong urge to attack something.
You feel very sick.
You are no longer berserk.
You are exhausted.
You feel yourself slow down.
You feel sick. The radroach bites you!
The radroach claws you but does no damage.
You feel very sick.
The radroach erupts in a fountain of uncontrolled magic!
You are blasted with magical radiation!!!
* * * LOW HITPOINT WARNING * * *
You are very lightly contaminated with residual magic.
There is a stone staircase leading up, spattered with blood here.
You feel sick. The radroach bites you.
* * * LOW HITPOINT WARNING * * *
The radroach claws you.
* * * LOW HITPOINT WARNING * * *
You climb upwards.
Level annotation: exclusion: 2 downstairs You feel very sick.
There is a stone staircase leading down, spattered with blood here.
Blink to where?
Press: ? - help, Dir - move target
As you read the scroll of blinking, it crumbles to dust.
You feel sick.
You feel sick.
You feel sick.
You are no longer poisoned.
There is an escape hatch in the ceiling here.
Your ogre goes berserk!
The radroach bites you but does no damage.
The radroach barely misses you. The radroach attacks as you move away!
The radroach bites you!
You die...

#........##.....#
#.........#.....#
#.#......#......#
##....#..##..#..#
##.......#####..#
#.......## ###..#
##.......###...##
##.^......O....#
###.........B@..#
##........#..#..##
#^.........#....#
####........##...^##
.###.....^.##.#....#
..##......###...#..#
..........##.^.....#
...................#
...................#


You could see a radroach (ally target) and a friendly ogre (summoned, berserk).

Vanquished Creatures
  Gastronok (D:8)
  An orc warlord (Orc:2)
  An emperor scorpion (Spider:3)
  Aizul (Spider:2)
  A broodmother (Spider:2)
  2 entropy weavers (Spider:1)
  A dire elephant (Lair:5)
  Harold (D:10)
  2 ogre magi (Orc:2)
  8 hydras
  3 catoblepae (Lair:5)
  4 boulder beetles
  13 two-headed ogres
  A deep troll shaman (Lair:5)
  8 death yaks (Lair:5)
  2 sun moths (Spider:2)
  Amaemon (D:8)
  A pharaoh ant (Lair:2)
  2 orb spiders
  4 steelbarb worms
  2 deep trolls (Orc:2)
  2 lindwurms
  11 wolf spiders
  2 cyclopes (Orc:2)
  2 orc sorcerers
  25 elephants
  3 merfolk sirens (Lair:2)
  4 black mambas
  Maggie (D:6)
  11 cane toads
  2 torpor snails
  An orange demon (D:8)
  7 demonic crawlers
  An unseen horror (D:11)
  6 rime drakes
  An efreet (D:9)
  10 komodo dragons
  12 trolls
  6 meliai
  A merfolk (Lair:2)
  Prince Ribbit (D:5)
  4 polar bears
  13 tarantellas
  Grinder (D:3)
  A hornet (D:9)
  5 dream sheep
  5 blink frogs
  17 jumping spiders
  11 culicivoras
  3 wyverns
  68 yaks
  2 wraiths
  Eustachio (D:6)
  19 redbacks
  3 wargs (D:9)
  A basilisk (Lair:5)
  Duvessa (D:6)
  8 water moccasins
  An ice beast (D:6)
  17 orc warriors
  2 sky beasts
  22 ogres
  4 black bears
  6 centaurs
  24 wolves
  3 kobold brigands (D:9)
  A phantom (D:5)
  3 scorpions
  12 bullfrogs
  Dowan (D:6)
  3 howler monkeys (D:11)
  2 electric eels (Lair:3)
  5 hounds
  15 jellies
  15 orc priests
  A gnoll bouda (D:8)
  Jessica (D:3)
  Natasha (thrice) (D:2)
  7 iguanas
  17 orc wizards
  3 mummies (Ossuary)
  12 adders
  14 gnolls
  A shadow imp (D:6)
  An ufetubus (D:4)
  3 worms
  3 dart slugs
  75 orcs
  2 ball pythons
  7 bats
  6 endoplasms
  A giant cockroach (D:3)
  A gnoll zombie (Ossuary)
  6 goblins
  12 hobgoblins
  4 jackals (D:1)
  2 quokkas
  8 frilled lizards
  3 goblin zombies (Ossuary)
  4 hobgoblin zombies (Ossuary)
  20 kobolds
  4 kobold zombies (Ossuary)
  7 rats
  A bush (Lair:4)
697 creatures vanquished.

Vanquished Creatures (collateral kills)
  A jorogumo (Spider:3)
  A radroach (Spider:3)
  A sun moth (Spider:1)
  A wolf spider (Spider:3)
  A demonic crawler (Spider:3)
  A tarantella (Spider:3)
  A culicivora (Spider:3)
  5 redbacks (Spider:3)
12 creatures vanquished.

Vanquished Creatures (others)
  32 fungi
  53 plants
85 creatures vanquished.

Grand Total: 794 creatures vanquished

Notes
Turn   | Place    | Note
-------+----------+-------------------------------------------
     0 | D:1      | Mitcholas the Minotaur Berserker began the quest for the
                  | Orb.
     0 | D:1      | Reached XP level 1. HP: 19/19 MP: 0/0
   173 | D:1      | Reached skill level 4 in Axes
   310 | D:1      | Reached XP level 2. HP: 25/26 MP: 1/1
   624 | D:1      | Reached ** piety under Trog
   745 | D:1      | Reached skill level 5 in Axes
   761 | D:1      | Reached XP level 3. HP: 30/31 MP: 2/2
  1290 | D:2      | Noticed Natasha
  1299 | D:2      | Killed Natasha
  1300 | D:2      | Reached skill level 6 in Axes
  1300 | D:2      | Reached XP level 4. HP: 39/39 MP: 3/3
  1403 | D:2      | Noticed Natasha
  1418 | D:2      | Killed Natasha
  1830 | D:2      | Noticed Natasha
  1842 | D:2      | Killed Natasha
  1843 | D:2      | Reached skill level 7 in Axes
  1843 | D:2      | Reached XP level 5. HP: 32/45 MP: 4/4
  1917 | D:2      | Found a faded altar of an unknown god.
  2508 | D:3      | Noticed Jessica
  2514 | D:3      | Killed Jessica
  2515 | D:3      | Reached skill level 8 in Axes
  2616 | D:3      | Noticed Grinder
  2625 | D:3      | Killed Grinder
  2626 | D:3      | Reached skill level 9 in Axes
  2626 | D:3      | Reached XP level 6. HP: 51/51 MP: 5/5
  2741 | D:3      | Reached *** piety under Trog
  2967 | D:3      | Reached XP level 7. HP: 48/57 MP: 6/6
  4092 | D:4      | Reached skill level 10 in Axes
  4486 | D:4      | Found a sparkling altar of Nemelex Xobeh.
  4558 | D:5      | Entered Level 5 of the Dungeon
  4643 | D:5      | Noticed Prince Ribbit
  4656 | D:5      | Killed Prince Ribbit
  4704 | D:5      | Reached skill level 11 in Axes
  4818 | D:5      | Found an iron altar of Okawaru.
  4839 | D:5      | Reached XP level 8. HP: 58/64 MP: 7/7
  5020 | D:5      | Found a burning altar of Makhleb.
  5020 | D:5      | Noticed a cacodemon
  5023 | D:5      | Noticed an orange demon
  5070 | D:5      | Reached skill level 5 in Armour
  5309 | D:6      | Noticed Eustachio
  5370 | D:6      | Identified 2 scrolls of acquirement
  5370 | D:6      | Acquired the +4 battleaxe "Saptees" {flame, Dex+7 SInv}
  5468 | D:6      | Killed Eustachio
  5469 | D:6      | Reached skill level 12 in Axes
  5507 | D:6      | Noticed Duvessa
  5525 | D:6      | Noticed Dowan
  5527 | D:6      | Killed Duvessa
  5537 | D:6      | Killed Dowan
  5608 | D:6      | Found a sand-covered staircase.
  5609 | D:6      | Noticed Maggie
  5613 | Ossuary  | Entered an ossuary
  5623 | Ossuary  | Acquired the ring "Zokhenat" {Will+ SInv}
  5652 | Ossuary  | Reached **** piety under Trog
  6045 | D:6      | Reached skill level 13 in Axes
  6045 | D:6      | Reached XP level 9. HP: 70/70 MP: 8/8
  6091 | D:6      | Killed Maggie
  6119 | D:6      | Found a staircase to the Ecumenical Temple.
  6362 | D:6      | Found an ornate altar of the Wu Jian Council.
  6448 | D:6      | Reached skill level 1 in Evocations
  6759 | Temple   | Entered the Ecumenical Temple
  7229 | D:7      | Reached skill level 14 in Axes
  7822 | D:8      | Found Nevupauq's Jewellery Shop.
  7840 | D:8      | Noticed a two-headed ogre
  7844 | D:8      | Killed a two-headed ogre
  7995 | D:8      | Noticed a two-headed ogre
  8013 | D:8      | Killed a two-headed ogre
  8014 | D:8      | Reached XP level 10. HP: 77/77 MP: 9/9
  8093 | D:8      | Noticed Gastronok
  8124 | D:8      | Killed Gastronok
  8125 | D:8      | Reached skill level 10 in Armour
  8125 | D:8      | Reached skill level 5 in Evocations
  8403 | D:8      | Found a bloodstained altar of Trog.
  8504 | D:9      | Noticed Amaemon
  8504 | D:9      | Noticed an orange demon
  8512 | D:8      | Killed an orange demon
  8513 | D:8      | Killed Amaemon
  8746 | D:9      | Reached skill level 5 in Fighting
  8918 | D:9      | Found a staircase to the Orcish Mines.
  9064 | D:9      | Found Nait's Vocational Training.
  9302 | D:9      | Reached XP level 11. HP: 88/88 MP: 10/10
  9321 | D:9      | Reached ***** piety under Trog
 10100 | D:10     | Entered Level 10 of the Dungeon
 10365 | D:10     | Found Wogeps Siyt's Antique Armour Shoppe.
 10370 | D:10     | Noticed Harold
 10382 | D:10     | Killed Harold
 10550 | D:10     | Found a staircase to the Lair.
 10938 | D:11     | Noticed a two-headed ogre
 11158 | D:11     | Noticed a two-headed ogre
 11180 | D:11     | Killed a two-headed ogre
 11181 | D:11     | Reached skill level 15 in Axes
 11207 | D:11     | Noticed a two-headed ogre
 11232 | D:11     | Noticed a four-headed hydra
 11734 | D:11     | Noticed a boulder beetle
 11745 | D:11     | Killed a boulder beetle
 11900 | D:11     | Killed a one-headed hydra
 11942 | D:11     | Killed a two-headed ogre
 12104 | D:11     | Killed a two-headed ogre
 12105 | D:11     | Reached XP level 12. HP: 80/102 MP: 11/11
 12410 | Orc:1    | Entered Level 1 of the Orcish Mines
 12498 | Lair:1   | Entered Level 1 of the Lair of Beasts
 13689 | Lair:2   | Reached skill level 16 in Axes
 14205 | Lair:2   | Found a staircase to the Shoals.
 14300 | Lair:2   | Found a hole to the Spider Nest.
 14356 | Lair:2   | Reached skill level 10 in Fighting
 15300 | Lair:3   | Reached XP level 13. HP: 104/114 MP: 12/12
 15660 | Lair:3   | Reached ****** piety under Trog
 16428 | Lair:3   | Identified the ring "Muoll" {Wiz Fly Int+3 Stlth+}
 16432 | Lair:3   | Acquired 1179 gold pieces
 16567 | Lair:4   | Identified the +1 chain mail "Tuuhos" {Int+3 Dex+4}
 16737 | Lair:4   | Received a gift from Trog
 16750 | Lair:4   | Reached skill level 10 in Evocations
 16902 | Lair:4   | Reached skill level 17 in Axes
 17336 | Lair:4   | You fall into a shaft and drop 1 floor!
 17336 | Lair:5   | Entered Level 5 of the Lair of Beasts
 17994 | Lair:5   | Reached XP level 14. HP: 89/126 MP: 13/13
 18646 | Lair:5   | Received a gift from Trog
 18649 | Lair:5   | Reached skill level 15 in Armour
 19057 | Lair:5   | Reached skill level 18 in Axes
 20009 | Lair:4   | Found a viscous altar of Jiyva.
 20011 | Lair:4   | Found a staircase to the Slime Pits.
 21824 | Orc:2    | Entered Level 2 of the Orcish Mines
 21888 | Orc:2    | Received a gift from Trog
 22389 | Orc:2    | Found a staircase to the Elven Halls.
 22497 | Orc:2    | Reached XP level 15. HP: 78/137 MP: 14/14
 22801 | Orc:2    | Found Wunykhamm's Jewellery Shoppe.
 22962 | Orc:2    | Found Lery's Antique Weapon Shop.
 22983 | Orc:2    | Found Hyriv's Jewellery Boutique.
 23016 | Orc:2    | Found Ykoty's Assorted Antiques.
 23025 | Orc:2    | Found Haxinit's Antique Armour Shop.
 23362 | Orc:2    | Noticed an orc warlord
 23392 | Orc:2    | Killed an orc warlord
 23393 | Orc:2    | Reached skill level 19 in Axes
 23981 | Spider:1 | Entered Level 1 of the Spider Nest
 25962 | Spider:1 | Received a gift from Trog
 26218 | Spider:1 | HP: 3/139 [redback (6)]
 27833 | Spider:2 | Noticed Aizul
 27846 | Spider:2 | Killed Aizul
 28331 | Spider:2 | Reached skill level 15 in Fighting
 28975 | Spider:3 | Noticed an emperor scorpion
 28999 | Spider:3 | Killed an emperor scorpion
 29006 | Spider:2 | HP: 7/141 [poisoned by an emperor scorpion]
 29018 | Spider:2 | Slain by a radroach

Illustrated notes

Levels and vault maps discovered:
D:1:      giann_horns, layout_loops_ring, minmay_tree_intersection,
          minmay_tetromino_i2
D:2:      layout_loops_ring, chequers_ecumenical_altar_island, uniq_natasha
D:3:      layout_basic, minivault_23, uniq_jessica, uniq_grinder
D:4:      layout_basic, nemelex_spade_bored_becter
D:5:      layout_loops_ring, makhleb_altar_promises_db, okawaru_trees_1,
          uniq_prince_ribbit1
D:6:      layout_loops_ring, kennysheep_mini_moat,
          minmay_temple_entry_statues_fountains, nicolae_ossuary_entry_ruins,
          minmay_misc_feat_five, grunt_tough_drop, uniq_maggie, uniq_eustachio,
          uniq_duvessa
D:7:      layout_basic, minmay_misc_feat_pillars, minivault_27
D:8:      layout_rooms, lemuel_tele_altar, serial_shops, shop, uniq_gastronok
D:9:      layout_cave_pools, david_orc_1_choice, nrook_mini_backslash,
          nicolae_shop_vocational, uniq_amaemon
D:10:     layout_irregular_city, lair_entry_dummy, serial_shops,
          nicolae_shop_overgrown_old_shop, uniq_harold
D:11:     layout_irregular_city
Temple:   minmay_crystal_spiral_temple
Lair:1:   beast_lair_carwin_large_2, layout_layer_cave, st_stairs_12
Lair:2:   layout_small_grid, elwin_shoals_entry_stream, spider_nest_entry_a
Lair:3:   layout_big_grid, nicolae_lair_lil_pond, gammafunk_lair_bear_cave,
          grunt_megastairs_1, infiniplex_staircase_pool, lemuel_fruit_tree
Lair:4:   layout_regular_city, minmay_slime_entry_jelly_boxes,
          lemuel_fruit_fields, grunt_megastairs_5
Lair:5:   grunt_lair_end_beastmaster, layout_cave_pods, st_stairs_3
Spider:1: layout_spider_delve
Spider:2: layout_spider_delve, nicolae_spider_twisty_arc_passages, uniq_aizul
Spider:3: layout_cave_pods, worms_lemuel
Orc:1:    layout_caves, minmay_orc_keep
Orc:2:    st_orc_open, layout_caves, lightli_volcano_entry_magma_tube,
          serial_shops, nicolae_shop_crystal, minmay_orc_barracks

Skill      XL: |  1  2  3  4  5  6  7  8  9 10 11 12 13 14 15 |
---------------+----------------------------------------------+-----
Axes           | 4 5 6 7 9 11 13 14 15 16 17 18 19 | 19.9
Armour         | 4 6 9 10 11 13 14 16 17 | 17.4
Evocations     | 4 6 8 9 10 12 13 | 13.0
Fighting       | 5 8 10 12 13 15 | 15.4
Dodging        | 3 4 |  4.0

Action                   |  1- 3 |  4- 6 |  7- 9 | 10-12 | 13-15 || total
-------------------------+-------+-------+-------+-------+-------++-------
Melee: Hand axe          |    81 |    81 |   172 |       |       ||   334
       Headbutt          |     9 |    13 |    22 |    78 |   176 ||   298
       Unarmed           |       |     2 |       |       |       ||     2
       Battleaxe         |       |       |    20 |   362 |   388 ||   770
       Executioner's axe |       |       |       |       |   430 ||   430
Throw: Stone             |     8 |       |       |       |       ||     8
       Javelin           |       |       |       |     1 |       ||     1
Invok: Berserk           |     1 |     2 |     4 |     1 |    13 ||    21
       Trog's Hand       |       |     1 |       |     2 |     7 ||    10
       Brothers in Arms  |       |       |       |       |     3 ||     3
Evoke: Wand              |       |       |       |     2 |     2 ||     4
  Use: Scroll            |       |       |    26 |     5 |     6 ||    37
       Potion            |       |       |       |     1 |     4 ||     5
 Stab: Petrified         |       |       |       |       |     2 ||     2
       Distracted        |       |       |       |       |     2 ||     2
Armor: Animal skin       |    24 |     1 |       |       |       ||    25
       Leather armour    |       |    10 |     1 |       |       ||    11
       Scale mail        |       |       |    56 |       |       ||    56
       Ring mail         |       |       |     1 |       |       ||     1
       Plate armour      |       |       |       |   211 |   682 ||   893
Dodge: Dodged            |    41 |    42 |    60 |   163 |   416 ||   722
